Map: Dusk Towers

Players

capac

  • Race: Terran Terran
  • League: Gold

DrukpaKunley - Winner!

  • Race: Terran Terran
  • League: Gold

VOD

Have the link to the VOD?

Description

Time

  • Played on: March 11, 2016, 11:46 a.m.
  • Length: 20:36
Show
View Real Time Build Order
Export as new Build Order

capac Terran 

Build Orders:  

Get SALT Encoding   

  12  0:00  SCV  
  13  0:13  SCV  
  14  0:18  Supply Depot  
  14  0:25  SCV  
  15  0:39  SCV  
  15  0:41  Barracks  
  16  0:44  Refinery  
  16  0:51  SCV  
  17  1:03  SCV  
  18  1:15  SCV  
  19  1:28  SCV  
  20  1:37  Command Center  
  20  1:38  Barracks Reactor  
  20  1:41  SCV  
  21  1:50  Supply Depot  
  21  2:01  Engineering Bay  
  20  2:16  Factory  
  20  2:17  Marine x2  
  22  2:30  Orbital Command  
  22  2:38  Marine x2  
  24  2:47  Refinery  
  24  2:50  Missile Turret  
  24  2:57  SCV  
  25  3:02  Marine  
  25  3:03  Marine  
  25  3:05  Factory Tech Lab  
  27  3:10  SCV  
  28  3:17  Orbital Command  
  28  3:31  Siege Tank  
  28  3:33  SCV  
  32  3:37  Marine, Missile Turret  
  32  3:38  Marine  
  34  3:54  SCV x2  
  36  3:59  Missile Turret  
  36  4:05  Starport  
  36  4:10  SCV x2  
  36  4:17  Marine x2  
  38  4:19  Siege Tank  
  38  4:23  SCV  
  44  4:26  SCV  
  45  4:34  Marine  
  46  4:44  Starport Reactor  
  46  4:46  Barracks  
  46  4:49  Supply Depot  
  46  4:50  Marine  
  46  4:51  SCV  
  36  5:14  Marine x2  
  38  5:24  Viking x2  
  42  5:32  Marine  
  43  5:38  Marine  
  43  5:39  Missile Turret  
  43  5:40  Barracks Tech Lab  
  44  5:45  SCV x2  
  44  5:46  Missile Turret  
  45  6:13  SCV x2  
  45  6:14  Marine x3  
  50  6:24  Viking x2  
  54  6:35  Missile Turret  
  54  6:40  Supply Depot  
  54  6:56  Marine x3, Siege Tank, SCV x2  
  54  6:57  Refinery  
  54  6:58  Refinery  
  62  7:04  Medivac x2  
  62  7:08  Stimpack  
  66  7:12  SCV x2  
  68  7:21  Missile Turret  
  68  7:25  SCV x2  
  70  7:36  Supply Depot  
  70  7:42  Marine x3, Siege Tank  
  70  7:44  Supply Depot  
  76  7:45  Medivac  
  78  7:58  SCV x2  
  80  8:00  Marine x2  
  80  8:01  Marine  
  83  8:08  Medivac  
  85  8:14  Siege Tank  
  85  8:17  Supply Depot  
  85  8:18  Missile Turret  
  85  8:19  Command Center  
  89  8:20  Supply Depot, SCV x2  
  89  8:26  Marine x3  
  93  8:33  SCV  
  94  8:39  SCV, Missile Turret  
  94  8:40  Supply Depot  
  95  8:42  Supply Depot  
  95  8:51  SCV  
  95  8:52  SCV  
  97  8:56  Siege Tank  
  97  8:58  Medivac x2  
  97  8:59  Marine  
  105  9:06  Terran Infantry Weapons Level 1  
  105  9:09  Combat Shields  
  105  9:10  Marine  
  105  9:11  Marine  
  105  9:14  SCV  
  105  9:16  SCV  
  109  9:26  SCV  
  110  9:56  Marine x3  
  110  9:59  Supply Depot  
  113  10:00  Supply Depot  
  113  10:02  Armory  
  113  10:04  Viking x2  
  117  10:20  Barracks  
  117  10:22  SCV x2  
  117  10:23  Barracks, Orbital Command  
  117  10:24  Factory  
  117  10:25  Starport  
  119  10:31  Siege Tank  
  119  10:34  Viking  
  119  10:35  Viking  
  126  10:41  Supply Depot  
  126  10:43  Supply Depot, SCV  
  126  10:44  SCV  
  128  10:56  SCV x2  
  130  10:57  Barracks  
  130  11:03  Starport Reactor  
  130  11:05  Terran Infantry Weapons Level 2  
  130  11:07  Terran Ship Weapons Level 1  
  130  11:09  Factory Tech Lab  
  130  11:10  Engineering Bay  
  130  11:15  Marine x2  
  130  11:17  Refinery, Barracks Reactor  
  133  11:19  Barracks Reactor  
  133  11:23  Refinery  
  132  11:26  SCV  
  132  11:27  SCV  
  132  11:28  SCV  
  135  11:32  Supply Depot  
  135  11:40  Viking, Medivac x2  
  135  11:41  Viking  
  135  11:43  Command Center  
  143  11:57  Barracks Reactor, Missile Turret x2  
  143  11:59  Concussive Shells  
  143  12:13  Siege Tank x2  
  143  12:14  Marine x6  
  143  12:15  Marine  
  156  12:25  Missile Turret  
  156  12:31  Missile Turret  
  156  12:35  Marine x3  
  156  12:36  Marine x5  
  164  12:37  Marine  
  164  12:43  Viking x3  
  164  12:44  Viking  
  173  12:56  Marine x5  
  173  12:57  Marine x3  
  181  13:08  Terran Infantry Armor Level 1  
  181  13:09  Terran Ship Weapons Level 2  
  181  13:45  Terran Infantry Weapons Level 3  
  181  13:49  Armory  
  181  13:56  Factory  
  121  14:26  Marine x2  
  121  14:27  Marine x6  
  125  14:39  Marine  
  125  14:44  Marine x3  
  125  14:45  Marine x4  
  133  15:02  Marine  
  133  15:03  Marine x4  
  138  15:11  Marine x2  
  138  15:12  Marine x2  
  142  15:20  Marine x3  
  145  15:24  Siege Tank x2  
  144  15:53  Marine x3  
  144  15:54  Marine x2  
  144  15:56  Siege Tank  
  93  16:13  Orbital Command  
  93  16:17  Marine x6  
  93  16:18  Marine x2  
  101  16:22  Medivac x4  
  101  16:24  Marine  
  113  16:25  Siege Tank  
  113  16:28  Siege Tank  
  116  16:34  Marine  
  116  16:35  Marine  
  116  16:37  Marine x3  
  116  16:38  Marine x3  
  124  16:45  Factory Tech Lab  
  124  16:49  Marine  
  124  16:52  Marine x2  
  127  16:55  Marine  
  127  16:57  Siege Tank, Command Center  
  131  17:04  Medivac x2  
  135  17:12  Marine x3  
  135  17:13  Marine x2  
  140  17:18  SCV x2  
  140  17:19  SCV  
  143  17:33  Refinery  
  143  17:34  Refinery  
  143  17:39  Medivac x3  
  143  17:40  Medivac  
  151  17:57  Missile Turret  
  143  18:19  Viking  
  139  18:20  Viking x3  
  145  18:43  Siege Tank x3  
  145  18:44  Marine x3  
  157  18:56  Viking x3  
  157  18:57  Viking  
  157  18:58  Marine x5  
  157  18:59  Marine  
  157  19:02  Marine x3  
  174  19:15  Siege Tank x2  
  174  19:16  Marine x5  
Show
View Real Time Build Order
Export as new Build Order

DrukpaKunley Terran - Winner!

Build Orders: 1/1/1, Liberator Opening 

Get SALT Encoding   

  12  0:02  SCV  
  14  0:14  SCV  
  14  0:18  Supply Depot  
  14  0:26  SCV  
  15  0:31  Refinery  
  15  0:40  SCV  
  16  0:46  Barracks  
  16  0:52  SCV  
  17  1:02  Refinery  
  17  1:13  SCV  
  18  1:25  SCV  
  19  1:33  Supply Depot  
  19  1:35  Marine  
  20  1:40  Factory  
  20  1:48  Orbital Command  
  20  1:59  Marine  
  21  2:17  Marine  
  22  2:25  SCV  
  22  2:28  Starport, Factory Reactor  
  23  2:37  SCV  
  24  2:49  SCV  
  25  2:52  Marine  
  26  2:59  Liberator  
  26  3:01  SCV  
  26  3:03  Supply Depot  
  27  3:08  Liberator  
  27  3:17  Factory Tech Lab  
  30  3:24  Marine  
  34  3:39  Siege Tank  
  37  3:46  Command Center  
  37  3:54  Marine  
  38  4:11  Supply Depot  
  38  4:12  Marine  
  38  4:15  Liberator  
  39  4:19  Engineering Bay  
  39  4:33  Viking, SCV  
  46  4:45  SCV  
  46  5:05  Marine  
  41  5:23  Marine  
  41  5:27  Siege Tank  
  45  5:31  Barracks x2, Orbital Command  
  45  5:34  Barracks  
  45  5:40  Marine  
  46  5:58  Marine  
  45  6:13  Medivac x2  
  45  6:16  Marine, Siege Tank  
  50  6:21  SCV x2  
  52  6:33  SCV x2  
  52  6:36  Marine x3  
  52  6:39  Barracks Tech Lab  
  57  6:45  SCV x2  
  59  6:49  Terran Infantry Weapons Level 1, Missile Turret  
  59  6:53  Marine  
  60  6:55  Missile Turret  
  60  6:57  SCV x2  
  62  7:13  Supply Depot x2  
  62  7:34  Marine x4, Siege Tank, SCV x2  
  71  7:38  Refinery  
  71  7:41  Refinery  
  71  7:46  SCV x2, Medivac x2  
  71  7:49  Combat Shields  
  77  7:52  Engineering Bay  
  77  7:58  SCV  
  78  8:20  Supply Depot  
  78  8:24  Terran Infantry Armor Level 1  
  78  8:25  Sensor Tower  
  78  8:26  Supply Depot  
  78  8:35  Command Center  
  78  8:42  Marauder, Marine x3, Siege Tank  
  78  8:44  Barracks  
  78  8:47  Missile Turret, SCV x2  
  88  8:59  SCV x2  
  88  9:00  Armory  
  93  9:06  Barracks Reactor x2  
  93  9:08  Stimpack  
  90  9:16  Marine x2  
  92  9:20  Medivac  
  94  9:33  Supply Depot  
  94  9:35  Supply Depot  
  94  9:46  Marine x2, Siege Tank  
  99  9:58  Missile Turret  
  99  10:01  Terran Infantry Weapons Level 2  
  99  10:04  Marine, Missile Turret  
  99  10:06  Supply Depot  
  100  10:08  Marine  
  100  10:09  Marine x2  
  103  10:22  Medivac  
  103  10:23  Medivac  
  107  10:28  Supply Depot  
  107  10:31  Planetary Fortress  
  107  10:34  Marine  
  107  10:35  Marine x2  
  109  10:36  Marine  
  109  10:38  Marine  
  109  10:42  Siege Tank  
  115  10:47  Terran Vehicle Weapons Level 1  
  115  10:55  Refinery  
  115  10:56  Refinery  
  115  10:59  SCV x2  
  117  11:08  Marine x4  
  117  11:09  Concussive Shells, Marine x2  
  117  11:11  SCV x2  
  124  11:16  Terran Infantry Armor Level 2  
  125  11:18  Supply Depot  
  125  11:20  Marine  
  125  11:24  SCV x3  
  129  11:25  Marine  
  129  11:27  Supply Depot  
  130  11:38  Viking x2  
  134  11:40  Marine x2  
  136  11:50  Barracks  
  136  11:54  Marine x3  
  136  11:55  Marine  
  140  12:13  Command Center  
  140  12:19  SCV x2  
  140  12:22  Sensor Tower  
  143  12:24  Barracks Reactor  
  142  12:37  Barracks Reactor  
  142  12:42  Terran Vehicle And Ship Armor Level 1  
  142  12:44  Siege Tank  
  142  12:47  Medivac x2  
  142  12:49  Barracks  
  149  12:54  Marine x2  
  149  12:55  Marine  
  152  13:00  Terran Infantry Weapons Level 3  
  152  13:25  Supply Depot, Starport  
  152  13:27  Supply Depot x2  
  152  13:38  Barracks  
  152  13:40  Marine  
  152  13:41  Barracks, Marine x5  
  154  13:43  Marine  
  159  13:59  Marine x4  
  163  14:08  Planetary Fortress  
  108  14:33  Marine x6  
  108  14:35  Viking  
  108  14:36  Viking x2  
  117  14:40  Marine x3  
  117  14:44  Marine x3  
  123  14:55  Siege Tank  
  123  14:59  Marine x2  
  125  15:00  Marine  
  125  15:03  Marine  
  125  15:05  Viking  
  125  15:06  Viking x2  
  132  15:09  Marine x6  
  132  15:10  Marine x2  
  140  15:17  Marine  
  140  15:20  Marine x2  
  140  15:21  Marine  
  140  15:27  Marine x4  
  144  15:35  Viking  
  146  15:36  Viking  
  146  15:38  Marine  
  146  15:41  Marine x3  
  146  15:42  Marine x3  
  155  15:43  Marine  
  114  15:57  Marine x3  
  114  15:58  Marine x2  
  114  15:59  Marine x4  
  114  16:00  Marine x2  
  114  16:01  Marine  
  110  16:10  Medivac  
  112  16:15  Marine x5  
  112  16:17  Marine  
  118  16:34  Viking  
  118  16:37  Terran Vehicle Weapons Level 2  
  120  16:47  Marine  
  120  16:48  Marine x5  
  120  16:49  Marine x2  
  128  17:04  Viking  
  128  17:06  Siege Tank  
  128  17:08  Marine x6  
  135  17:09  Marine x2  
  141  17:28  Marine  
  141  17:29  Marine x7  
  148  17:30  Marine  
  148  17:32  Medivac x2  
  148  17:34  Viking  
  156  17:38  Siege Tank  
  156  17:43  Marine x3  
  162  17:46  Marine x3  
  162  17:47  Marine x6  
  171  17:54  Terran Infantry Armor Level 3  
  171  18:00  Marine  
  172  18:10  Viking, Marine  
  172  18:11  Marine, Medivac  
  172  18:30  Supply Depot  
  172  18:32  Supply Depot  
  172  18:38  Command Center  
  172  18:51  Viking, Marine x3, Siege Tank  
  172  18:53  Marine x8  
  188  18:58  Missile Turret  
  188  19:00  Missile Turret  
  188  19:01  Missile Turret  
  188  19:13  Marine x3  
  185  19:20  Marine x3  
  185  19:23  Siege Tank  
  170  19:42  Marine  
  170  19:43  Marine x2  
  173  19:49  Marine x6, Missile Turret x2  
  179  19:56  Siege Tank  
  182  20:07  Marine x5  
  182  20:08  Marine  
  182  20:10  Missile Turret  
Tags
 
Add a new tag
Caveats
  • Supply blocks, unpowered buildings, or Contaminate may cause inaccurate times.
  • Supply counts are checked every 10 seconds.